 Dungeon Crawl Stone Soup version 0.29-a0-1033-gb6c65ffae6 (webtiles) character file.

Game seed: 12909172699523812852

1262 greenreed the Basher (level 8, 0/70 HPs)
             Began as a Minotaur Berserker on Aug 14, 2022.
             Was an Elder of Trog.
             Slain by a gnoll
             ... wielding a +0 spear
              (6 damage)
             ... on level 5 of the Dungeon.
             The game lasted 00:08:56 (5275 turns).

greenreed the Basher (Minotaur Berserker)           Turns: 5275, Time: 00:08:57

Health: 0/70       AC:  8    Str: 25    XL:     8   Next: 27%
Magic:  7/7        EV: 12    Int:  4    God:    Trog [****..]
Gold:   162        SH:  0    Dex:  9    Spells: 7/7 levels left

rFire   . . .      SeeInvis .   a - +0 mace
rCold   . . .      Faith    +   (no shield)
rNeg    . . .      Spirit   .   s - +0 ring mail {Will+}
rPois   .          Reflect  .   e - +1 hat
rElec   .          Harm     .   (no cloak)
rCorr   .          Rampage  .   (no gloves)
Will    +....                   x - +0 pair of boots
Stlth   +.........              c - amulet of faith
HPRegen 0.21/turn               (no ring)
MPRegen 0.10/turn               (no ring)

@: on berserk cooldown, slowed, very slow
A: horns 2, retaliatory headbutt
a: Renounce Religion, Berserk, Trog's Hand, Brothers in Arms


You were on level 5 of the Dungeon.
You worshipped Trog.
Trog was greatly pleased with you.
You visited 1 branch of the dungeon, and saw 5 of its levels.
You also visited: Sewer.

You collected 232 gold pieces.
You spent 70 gold pieces at shops.

Inventory:

Hand Weapons
 a - a +0 mace (weapon)
Missiles
 w - 2 poisoned darts (quivered)
Armour
 b - a +0 animal skin
 e - a +1 hat (worn)
 l - a +0 pair of boots
 q - a +0 ring mail
 s - a +0 ring mail of willpower (worn)
 x - a +0 pair of boots (worn)
Jewellery
 c - an amulet of faith (around neck)
Wands
 r - a wand of roots (11)
Scrolls
 d - 2 scrolls of teleportation
 g - a scroll of vulnerability
 o - 2 scrolls of enchant armour
 p - 2 scrolls of enchant weapon
 t - a scroll of summoning {unknown}
 u - 2 scrolls of blinking
 v - a scroll of noise {unknown}
 y - a scroll of brand weapon {unknown}
 z - a scroll of silence {unknown}
 B - a scroll of identify
Potions
 f - 2 potions of flight {unknown}
 h - a potion of ambrosia {unknown}
 i - a potion of heal wounds {unknown}
 j - 2 potions of mutation {unknown}
 k - 3 potions of haste
 m - 4 potions of curing
 n - 2 potions of attraction {unknown}
 A - a potion of magic {unknown}


   Skills:
 + Level 6.1 Fighting
 + Level 8.5 Maces & Flails
 + Level 6.0 Armour
 + Level 5.0 Dodging
 + Level 1.1 Stealth


You had 7 spell levels left.
You didn't know any spells.
Your spell library was empty.

Dungeon Overview and Level Annotations

Branches:
Dungeon (5/15)              Sewer (visited)
 Temple: D:4-7

Altars:
Qazlal
Yredelemnul
The Shining One

Shops:
D:3 ?


Innate Abilities, Weirdness & Mutations

You have a pair of horns on your head.
You reflexively headbutt those who attack you in melee.


Message History

The gnoll hits you from afar with a +0 spear.
* * * LOW HITPOINT WARNING * * *
You hit the orc.
You kill the orc!
Trog accepts your kill.
The gnoll hits you from afar with a +0 spear.
* * * LOW HITPOINT WARNING * * *
The gnoll hits you from afar with a +0 halberd.
* * * LOW HITPOINT WARNING * * *
You feel a strong urge to attack something.
The gnoll hits you from afar with a +0 halberd!
* * * LOW HITPOINT WARNING * * *
The gnoll hits you from afar with a +0 spear.
* * * LOW HITPOINT WARNING * * *
The centaur unwields a +0 shortbow.
The centaur barely misses you.
The centaur kicks you but does no damage.
You closely miss the centaur. The centaur barely misses you.
The centaur kicks you.
* * * LOW HITPOINT WARNING * * *
The gnoll closely misses you.
The gnoll hits you from afar with a +0 halberd.
* * * LOW HITPOINT WARNING * * *
You sock the centaur!
The centaur is moderately wounded.
The centaur closely misses you. You furiously retaliate!
You headbutt the centaur! The centaur barely misses you.
You thump the centaur!
You kill the centaur!
Trog accepts your kill. The gnoll closely misses you. x2
Your life force feels restored.
Your Armour skill increases to level 6!
Your Dodging skill increases to level 5!
You feel a strong urge to attack something.
You are no longer berserk.
You are exhausted.
You feel yourself slow down. The gnoll closely misses you.
The gnoll hits you from afar with a +0 spear.
You die...

.. #.._.._ ..##. ⌠.....
...##.......# ####....# #####
.#......#.##..#. .>......###....
#.......#.#.... ........##.....
##.............# .........##....
#..............# ..........#8.)8
...............###...............
...........#..g.@...............#
...........#..g.............#####
..............................##.
o.....##.....................[...
......#.##.............##........
..c..##......##...........##.##..
.....##.......#..............##..
......#.....................##...
......))....#...............##...


You could see 2 gnolls.

Vanquished Creatures
  Grinder (D:4)
  An ice beast (D:5)
  A black bear (D:3)
  A centaur (D:5)
  A phantom (D:5)
  2 bullfrogs (Sewer)
  A necrophage (D:5)
  A hound (D:5)
  A gnoll bouda (D:5)
  Ijyb (D:3)
  Natasha (twice) (D:3)
  Robin (D:4)
  7 gnolls
  4 adders
  2 worms
  3 dart slugs
  3 orcs
  15 ball pythons
  5 endoplasms
  9 giant cockroaches
  15 goblins
  6 hobgoblins
  4 jackals (D:1)
  12 kobolds
  6 quokkas
  A bat (D:1)
  12 frilled lizards
  9 rats
127 creatures vanquished.

Vanquished Creatures (collateral kills)
  Prince Ribbit (D:5)
1 creature vanquished.

Vanquished Creatures (others)
  2 withered plants (D:4)
2 creatures vanquished.

Grand Total: 130 creatures vanquished

Notes
Turn   | Place    | Note
-------+----------+-------------------------------------------
     0 | D:1      | greenreed the Minotaur Berserker began the quest for the
                  | Orb.
     0 | D:1      | Reached XP level 1. HP: 19/19 MP: 0/0
   212 | D:1      | Reached XP level 2. HP: 21/27 MP: 1/1
   214 | D:1      | Reached skill level 4 in Maces & Flails
   479 | D:1      | Reached XP level 3. HP: 22/34 MP: 2/2
  1064 | D:1      | Reached ** piety under Trog
  1431 | D:2      | Found a faded altar of an unknown god.
  2011 | D:3      | Noticed a black bear
  2019 | D:3      | Killed a black bear
  2020 | D:3      | Reached skill level 5 in Maces & Flails
  2020 | D:3      | Reached XP level 4. HP: 31/41 MP: 3/3
  2020 | D:3      | Reached XP level 5. HP: 36/47 MP: 4/4
  2170 | D:3      | Found Geohun's Magic Scroll Emporium.
  2179 | D:3      | Bought a scroll of identify for 28 gold pieces
  2179 | D:3      | Bought a scroll of teleportation for 42 gold pieces
  2390 | D:3      | Noticed Natasha
  2400 | D:3      | Killed Natasha
  2794 | D:3      | Noticed Ijyb
  2800 | D:3      | Killed Ijyb
  2974 | D:3      | Noticed Natasha
  2982 | D:3      | Killed Natasha
  2983 | D:3      | Reached skill level 5 in Fighting
  3245 | D:4      | Noticed Robin
  3248 | D:4      | Noticed Grinder
  3250 | D:4      | Reached *** piety under Trog
  3369 | D:4      | Found a glowing drain.
  3373 | Sewer    | Entered a sewer
  3408 | Sewer    | Reached XP level 6. HP: 51/56 MP: 5/5
  3676 | Sewer    | Reached skill level 6 in Maces & Flails
  3676 | Sewer    | Reached skill level 1 in Stealth
  4000 | D:4      | Killed Robin
  4000 | D:4      | Reached **** piety under Trog
  4093 | D:4      | Killed Grinder
  4094 | D:4      | Reached skill level 7 in Maces & Flails
  4094 | D:4      | Reached XP level 7. HP: 35/61 MP: 6/6
  4102 | D:4      | Found a basalt altar of Yredelemnul.
  4602 | D:5      | Entered Level 5 of the Dungeon
  4850 | D:5      | Noticed Prince Ribbit
  4860 | D:5      | Reached skill level 5 in Armour
  4870 | D:5      | Killed Prince Ribbit
  4871 | D:5      | Reached XP level 8. HP: 14/70 MP: 7/7
  5150 | D:5      | Found a stormy altar of Qazlal.
  5155 | D:5      | Reached skill level 8 in Maces & Flails
  5161 | D:5      | Found a glowing golden altar of the Shining One.
  5267 | D:5      | Reached skill level 5 in Dodging
  5275 | D:5      | Slain by a gnoll

Illustrated notes

Levels and vault maps discovered:
D:1:      ncdulo_wetmaze, layout_loops_ring
D:2:      layout_loops_ring, nicolae_ecumenical_lake_church,
          kennysheep_generic_room_10
D:3:      layout_loops_ring, serial_shops, nicolae_shop_waterfront,
          kennysheep_decorative_pillar, nicolae_kite_square_tiling_tiny,
          minmay_cut_off, uniq_ijyb, uniq_natasha
D:4:      nicolae_cairo_tiling_large, layout_rooms, yredelemnul_altar_generic,
          gup_sewer_entry_bowl, uniq_grinder, uniq_robin
D:5:      layout_cave_pools, jmf_multi_god_temple,
          hangedman_abyss_or_decor_stabs, lightli_church_of_beogh, uniq_duvessa,
          uniq_prince_ribbit1

Skill      XL: |  1  2  3  4  5  6  7  8 |
---------------+-------------------------+-----
Maces & Flails | 4 5 7 8 |  8.5
Fighting       | 4 5 6 |  6.1
Dodging        | 3 4 5 |  5.0
Armour         | 3 4 5 6 |  6.0
Stealth        | 1 |  1.1

Action                   |  1- 3 |  4- 6 |  7- 9 || total
-------------------------+-------+-------+-------++-------
Melee: Mace              |    84 |   128 |    73 ||   285
       Headbutt          |    14 |    17 |    11 ||    42
       Punch             |     1 |       |     1 ||     2
Throw: Throwing net      |     1 |       |       ||     1
Invok: Berserk           |       |     1 |     2 ||     3
       Brothers in Arms  |       |       |     1 ||     1
  Use: Scroll            |       |     3 |     2 ||     5
Armor: Animal skin       |    17 |     3 |       ||    20
       Ring mail         |       |    55 |    30 ||    85
Dodge: Dodged            |    60 |    86 |    48 ||   194

Table legend: (Time is in decaauts)
 A = Elapsed time spent in this place.
 B = Non-inter-level travel time spent in this place.
 C = Inter-level travel time spent in this place.
 D = Time resting spent in this place.
 E = Time spent auto-exploring this place.
 F = Levels seen in this place.
 G = Mean time per level.
                   A        B        C        D        E       F      G
               +--------+--------+--------+--------+--------+-----+--------+
         Total |   5380 |   5192 |    188 |      0 |   4316 |   6 |  896.7 |
       Dungeon |   4816 |   4628 |    188 |      0 |   3896 |   5 |  963.2 |
         Sewer |    564 |    564 |      0 |      0 |    419 |   1 |  564.0 |
               +--------+--------+--------+--------+--------+-----+--------+

Top non-repeatable levels by time:
     D:3: 1353 daAuts
     D:1: 1152 daAuts
     D:2: 823 daAuts
     D:4: 813 daAuts
     D:5: 673 daAuts
   Sewer: 564 daAuts
